 Dungeon Crawl Stone Soup version 0.18.1-50-g88ac8fd (webtiles) character file.

114 HODOR the Grave Robber (level 4, -5/30 HPs)
             Began as a Mummy Necromancer on Oct 5, 2016.
             Was an Initiate of Makhleb.
             Slain by a gnoll
             ... wielding a +0 flail
              (6 damage)
             ... on level 2 of the Dungeon.
             The game lasted 00:10:38 (2838 turns).

HODOR the Grave Robber (Mummy Necromancer)          Turns: 2838, Time: 00:10:39

Health: -5/30      AC:  3    Str: 11    XL:     4   Next: 67%
Magic:  1/8        EV: 12    Int: 15    God:    Makhleb [......]
Gold:   59         SH:  0    Dex: 12    Spells: 2 memorised, 4 levels left

rFire  x . .     SeeInvis .     f - +0 flail (distort)
rCold  + . .     Gourm    .     a - +0 robe
rNeg   + + +     Faith    .     (no shield)
rPois  ∞         Spirit   .     h - +0 helmet
rElec  .         Dismiss  .     (no cloak)
rCorr  .         Reflect  .     (no gloves)
SustAt .         Harm     .     (no boots)
MR     .....                    (no amulet)
Stlth  ++........               (no ring)
                                (no ring)

@: not resistant to hostile enchantments, unstealthy
A: no food or potions, fire vulnerability, cold resistance 1, negative energy
resistance 3, torment resistance, unbreathing
a: Renounce Religion


You were on level 2 of the Dungeon.
You worshipped Makhleb.
Makhleb was noncommittal.
You were not hungry.

You visited 1 branch of the dungeon, and saw 2 of its levels.

You collected 59 gold pieces.

Inventory:

Hand Weapons
 f - a +0 flail of distortion (weapon)
Armour
 a - a +0 robe (worn)
 h - a +0 helmet (worn)
Scrolls
 c - 5 scrolls of remove curse {unknown}
 d - a scroll of enchant weapon {unknown}
 e - a scroll of amnesia {unknown}
 g - a scroll of identify {unknown}
Books
 b - a book of Necromancy

   Spells                             Type                      Level
   a - Pain                           Necromancy                   1
   b - Animate Skeleton               Necromancy                   1
   c - Vampiric Draining              Necromancy                   3
   d - Regeneration                   Charms/Necromancy            3
   e - Animate Dead                   Necromancy                   4
   f - Control Undead                 Necromancy                   4


   Skills:
 + Level 0.2 Fighting
 + Level 1.7 Dodging
 + Level 1.7 Stealth
 + Level 3.1 Spellcasting
 + Level 5.2 Necromancy


You had 4 spell levels left.
You knew the following spells:

 Your Spells              Type           Power        Failure   Level  Hunger
a - Pain                  Necr           ###.         1%          1    N/A
b - Control Undead        Necr           ###.......   24%         4    N/A

Dungeon Overview and Level Annotations

Branches:
Dungeon (2/15)

Altars:
Makhleb
Yredelemnul

Annotations:
D:2 Sigmund


Innate Abilities, Weirdness & Mutations

You do not eat or drink.
Your flesh is vulnerable to fire.
You are immune to poison.
Your flesh is cold resistant.
You are immune to negative energy.
You are immune to unholy pain and torment.
You can survive without breathing.


Message History

The gnoll convulses in agony!
The gnoll barely misses you.
Casting: Pain
Confirm with . or Enter, or press ? or * to list all spells.
Aiming: Pain
Press: ? - help, Shift-Dir - straight line, f/p - gnoll
Aim: a gnoll, wielding a flail (moderately wounded, chance to defeat MR: 84%)
The gnoll barely resists.
Casting: Pain
Confirm with . or Enter, or press ? or * to list all spells.
You don't have enough magic to cast that spell.
Unknown command.
You try to slip out of the net.
The gnoll hits you with a flail!
You try to slip out of the net.
The gnoll hits you with a flail!
A gnoll comes into view. It is wielding a spear.
You struggle to escape the net.
The gnoll hits you with a flail!
* * * LOW HITPOINT WARNING * * *
You break free from the net!
The gnoll shouts!
The gnoll hits you with a flail.
You die...

#..## ######.#.# #..#
#.......(## #..####
#.######## #.....#
##.##.# #.##.##
#.#...#####.#########
#.#(#.......#......<.
#.#.@.........#######
#.##g######## # #.
#†. # #.#. # #.#(#
#.### #g# # #.... #.#
##### #g# #. #..


You could see 3 gnolls.

Vanquished Creatures
  3 gnolls (D:2)
  2 adders (D:2)
  4 worms (D:2)
  4 dart slugs
  5 bats
  2 giant cockroaches (D:1)
  A goblin (D:2)
  8 hobgoblins
  6 kobolds
  A quokka (D:2)
  A ball python (D:2)
  9 giant newts
  8 rats
54 creatures vanquished.

Notes
Turn   | Place    | Note
--------------------------------------------------------------
     0 | D:1      | HODOR the Mummy Necromancer began the quest for the Orb.
     0 | D:1      | Reached XP level 1. HP: 13/13 MP: 3/3
   233 | D:1      | Reached XP level 2. HP: 19/19 MP: 1/5
   901 | D:2      | Reached XP level 3. HP: 24/24 MP: 2/6
   980 | D:2      | Found a basalt altar of Yredelemnul.
  1168 | D:2      | Reached skill level 5 in Necromancy
  1441 | D:2      | Reached XP level 4. HP: 7/30 MP: 1/8
  1806 | D:2      | Noticed Sigmund
  1996 | D:2      | Learned a level 4 spell: Control Undead
  2430 | D:2      | Found a burning altar of Makhleb.
  2458 | D:2      | Became a worshipper of Makhleb the Destroyer
  2837 | D:2      | HP: 1/30 [gnoll/flail (13)]
  2838 | D:2      | Slain by a gnoll

Skill      XL: |  1  2  3  4 |
---------------+-------------+-----
Necromancy     | 5 |  5.2
Spellcasting   | 3 |  3.1
Fighting       | |  0.2
Dodging        | |  1.7
Stealth        | |  1.7

Action                   |  1- 3 |  4- 6 || total
-------------------------+-------+-------++-------
Melee: Flail             |     4 |    11 ||    15
 Cast: Pain              |    67 |    63 ||   130
Armor: Robe              |     1 |     4 ||     5
Dodge: Dodged            |     7 |    23 ||    30
